TOP OF THE 1ST |
Mt Pleasant Bearcats batting - Pitching for Reading Rainbows : RHP Ramón Quintero
|
Pitching: RHP Ramón Quintero
|
|
Batting: RHB Yasutoki Kojima
|
0-0: Foul Ball, location: 2F 0-1: Fly out, F3 (Popup, 3S)
|
Batting: RHB Ryosei Yamamoto
|
0-0: Ball 1-0: Foul Ball, location: 2F 1-1: Fly out, F3 (Popup, 3F)
|
Batting: RHB Ramiro Chávez
|
0-0: Ball 1-0: Ball 2-0: Swinging Strike 2-1: Ground out 5-3 (Groundball, 5)
|
Top of the 1st over - 0 run(s), 0 hit(s), 0 error(s), 0 left on base; Mt Pleasant 0 - Reading 0 |
BOTTOM OF THE 1ST |
Reading Rainbows batting - Pitching for Mt Pleasant Bearcats : LHP Félix García
|
Pitching: LHP Félix García
|
|
Batting: LHB Alfonso Ruíz
|
0-0: Ball 1-0: Fly out, F8 (Flyball, 78M)
|
Batting: LHB Richard Henry
|
0-0: Called Strike 0-1: Ball 1-1: Swinging Strike 1-2: Foul Ball, location: 2F 1-2: SINGLE (Flyball, 6MD)
|
Batting: RHB Dan Banks
|
0-0: Swinging Strike 0-1: Swinging Strike 0-2: Ball 1-2: Strikes out swinging
|
Batting: RHB Germano Labrego
|
0-0: Swinging Strike 0-1: Ball Richard Henry is caught stealing 2nd base
|
Bottom of the 1st over - 0 run(s), 1 hit(s), 0 error(s), 0 left on base; Mt Pleasant 0 - Reading 0 |
TOP OF THE 2ND |
Mt Pleasant Bearcats batting - Pitching for Reading Rainbows : RHP Ramón Quintero
|
Batting: SHB Roberto Rivera
|
0-0: Called Strike 0-1: Ball 1-1: SINGLE (Line Drive, 78S)
|
Batting: RHB Patrick Potts
|
0-0: Ball 1-0: Fielders Choice at 2nd, 3-6 (Groundball, 3)
|
Batting: RHB Ichizo Akiyama
|
0-0: Ball 1-0: Swinging Strike 1-1: Called Strike 1-2: Strikes out swinging
|
Batting: RHB Chris Jones
|
0-0: Called Strike Patrick Potts is caught stealing 2nd base
|
Top of the 2nd over - 0 run(s), 1 hit(s), 0 error(s), 0 left on base; Mt Pleasant 0 - Reading 0 |
BOTTOM OF THE 2ND |
Reading Rainbows batting - Pitching for Mt Pleasant Bearcats : LHP Félix García
|
Batting: RHB Germano Labrego
|
0-0: Foul Ball, location: 2F 0-1: Foul Ball, location: 2F 0-2: Ball 1-2: Ball 2-2: Foul Ball, location: 2F 2-2: Foul Ball, location: 2F 2-2: Strikes out swinging
|
Batting: RHB Albert Lutz
|
0-0: Ball 1-0: Ball 2-0: Foul Ball, location: 2F 2-1: Ground out 5-3 (Groundball, 5L)
|
Batting: RHB Hubert Brown
|
0-0: Ball 1-0: Fly out, F7 (Line Drive, 7S)
|
Bottom of the 2nd over - 0 run(s), 0 hit(s), 0 error(s), 0 left on base; Mt Pleasant 0 - Reading 0 |
TOP OF THE 3RD |
Mt Pleasant Bearcats batting - Pitching for Reading Rainbows : RHP Ramón Quintero
|
Batting: RHB Chris Jones
|
0-0: Ball 1-0: Foul Ball, location: 2F 1-1: Ball 2-1: Ground out 1-3 (Groundball, 15)
|
Batting: RHB Irving Galloway
|
0-0: Ball 1-0: Ground out 1-3 (Groundball, 23)
|
Batting: LHB Robert Moore
|
0-0: Called Strike 0-1: Called Strike 0-2: Strikes out swinging
|
Top of the 3rd over - 0 run(s), 0 hit(s), 0 error(s), 0 left on base; Mt Pleasant 0 - Reading 0 |
BOTTOM OF THE 3RD |
Reading Rainbows batting - Pitching for Mt Pleasant Bearcats : LHP Félix García
|
Batting: RHB Joe Land
|
0-0: Ball 1-0: Called Strike 1-1: Ball 2-1: Ball 3-1: Base on Balls
|
Batting: RHB Donald Sanford
|
0-0: Called Strike 0-1: Ball Joe Land is caught stealing 2nd base 1-1: Foul Ball, location: 2F 1-2: Ball 2-2: SOLO HOME RUN (Flyball, 7D), Distance : 358 ft
|
Batting: RHB Louis Smith
|
0-0: Ball 1-0: Foul Ball, location: 2F 1-1: Ground out 4-3 (Groundball, 34)
|
Batting: LHB Alfonso Ruíz
|
0-0: Called Strike 0-1: Ball 1-1: Swinging Strike 1-2: Ball 2-2: Foul Ball, location: 2F 2-2: Foul Ball, location: 2F 2-2: Strikes out looking
|
Bottom of the 3rd over - 1 run(s), 1 hit(s), 0 error(s), 0 left on base; Mt Pleasant 0 - Reading 1 |
TOP OF THE 4TH |
Mt Pleasant Bearcats batting - Pitching for Reading Rainbows : RHP Ramón Quintero
|
Batting: RHB Yasutoki Kojima
|
0-0: Called Strike 0-1: Ball 1-1: Swinging Strike 1-2: Ball 2-2: Strikes out swinging
|
Batting: RHB Ryosei Yamamoto
|
0-0: Ball 1-0: Called Strike 1-1: Foul Ball, location: 2F 1-2: Foul Ball, location: 2F 1-2: Ball 2-2: SINGLE (Groundball, 6MD)
|
Batting: RHB Ramiro Chávez
|
0-0: Ball 1-0: Ball 2-0: Called Strike 2-1: Ball 3-1: Base on Balls Ryosei Yamamoto to second
|
Batting: SHB Roberto Rivera
|
0-0: Called Strike 0-1: Foul Ball, location: 2F 0-2: Ball 1-2: Ball 2-2: Foul Ball, location: 2F 2-2: SINGLE (Line Drive, 89S) Ryosei Yamamoto to third Ramiro Chávez to second
|
Batting: RHB Patrick Potts
|
0-0: Ball 1-0: Foul Ball, location: 2F 1-1: Swinging Strike 1-2: Strikes out swinging
|
Batting: RHB Ichizo Akiyama
|
0-0: Ball 1-0: Ball 2-0: Ball 3-0: Base on Balls Ryosei Yamamoto scores Ramiro Chávez to third Roberto Rivera to second
|
Batting: RHB Chris Jones
|
0-0: Swinging Strike 0-1: Ball 1-1: Fly out, F7 (Flyball, 7S)
|
Top of the 4th over - 1 run(s), 2 hit(s), 0 error(s), 3 left on base; Mt Pleasant 1 - Reading 1 |
BOTTOM OF THE 4TH |
Reading Rainbows batting - Pitching for Mt Pleasant Bearcats : LHP Félix García
|
Batting: LHB Richard Henry
|
0-0: Ball 1-0: Ball 2-0: Called Strike 2-1: Foul Ball, location: 2F 2-2: Fly out, F5 (Line Drive, 56)
|
Batting: RHB Dan Banks
|
0-0: Foul Ball, location: 2F 0-1: SINGLE (Groundball, 34D)
|
Batting: RHB Germano Labrego
|
0-0: Ball 1-0: Called Strike 1-1: Ball 2-1: Called Strike 2-2: Fly out, F8 (Line Drive, 8LXD)
|
Batting: RHB Albert Lutz
|
0-0: Called Strike 0-1: Fly out, F7 (Flyball, 78XD)
|
Bottom of the 4th over - 0 run(s), 1 hit(s), 0 error(s), 1 left on base; Mt Pleasant 1 - Reading 1 |
TOP OF THE 5TH |
Mt Pleasant Bearcats batting - Pitching for Reading Rainbows : RHP Ramón Quintero
|
Batting: RHB Irving Galloway
|
0-0: Swinging Strike 0-1: Ground out 6-3 (Groundball, 6)
|
Batting: LHB Robert Moore
|
0-0: Ground out 3-1 (Groundball, 34)
|
Batting: RHB Yasutoki Kojima
|
0-0: Called Strike 0-1: Called Strike 0-2: Strikes out swinging
|
Top of the 5th over - 0 run(s), 0 hit(s), 0 error(s), 0 left on base; Mt Pleasant 1 - Reading 1 |
BOTTOM OF THE 5TH |
Reading Rainbows batting - Pitching for Mt Pleasant Bearcats : LHP Félix García
|
Batting: RHB Hubert Brown
|
0-0: Ball 1-0: Called Strike 1-1: SOLO HOME RUN (Flyball, 7D), Distance : 355 ft
|
Batting: RHB Joe Land
|
0-0: Called Strike 0-1: Ball 1-1: SINGLE (Line Drive, 3)
|
Batting: RHB Donald Sanford
|
0-0: Swinging Strike 0-1: Ball 1-1: Ball 2-1: Ball 3-1: Base on Balls Joe Land to second
|
Batting: RHB Louis Smith
|
0-0: Swinging Strike 0-1: Called Strike 0-2: Foul Ball, location: 2F 0-2: Strikes out swinging
|
Batting: LHB Alfonso Ruíz
|
0-0: Ball 1-0: Ball 2-0: Called Strike 2-1: Foul Ball, location: 2F 2-2: Ball 3-2: Grounds into double play, 4-6-3 (Groundball, 34)
|
Bottom of the 5th over - 1 run(s), 2 hit(s), 0 error(s), 1 left on base; Mt Pleasant 1 - Reading 2 |
TOP OF THE 6TH |
Mt Pleasant Bearcats batting - Pitching for Reading Rainbows : RHP Ramón Quintero
|
Batting: RHB Ryosei Yamamoto
|
0-0: Ground out 5-3 (Groundball, 5S)
|
Batting: RHB Ramiro Chávez
|
0-0: Ball 1-0: Ball 2-0: Called Strike 2-1: Ground out 6-3 (Groundball, 6)
|
Batting: SHB Roberto Rivera
|
0-0: Called Strike 0-1: Ball 1-1: Fly out, F6 (Line Drive, 6M)
|
Top of the 6th over - 0 run(s), 0 hit(s), 0 error(s), 0 left on base; Mt Pleasant 1 - Reading 2 |
BOTTOM OF THE 6TH |
Reading Rainbows batting - Pitching for Mt Pleasant Bearcats : LHP Félix García
|
Batting: LHB Richard Henry
|
0-0: Called Strike 0-1: Ball 1-1: Swinging Strike 1-2: Ball 2-2: Ground out 4-3 (Groundball, 4)
|
Pitching: RHP Troy Parker
|
|
Batting: RHB Dan Banks
|
0-0: Foul Ball, location: 2F 0-1: Ground out 5-3 (Groundball, 56)
|
Batting: RHB Germano Labrego
|
0-0: Ball 1-0: Fly out, F9 (Flyball, 9LM)
|
Bottom of the 6th over - 0 run(s), 0 hit(s), 0 error(s), 0 left on base; Mt Pleasant 1 - Reading 2 |
TOP OF THE 7TH |
Mt Pleasant Bearcats batting - Pitching for Reading Rainbows : RHP Ramón Quintero
|
Batting: RHB Patrick Potts
|
0-0: Called Strike 0-1: Foul Ball, location: 2F 0-2: Ball 1-2: Ball 2-2: SINGLE (Flyball, 3D)
|
Batting: RHB Ichizo Akiyama
|
0-0: Sac Bunt - play at first, batter OUT! 5-4 Patrick Potts to second
|
Batting: RHB Chris Jones
|
0-0: Called Strike 0-1: Ball 1-1: Fly out, F8 (Line Drive, 8LS)
|
Pinch Hitting: LHB Colm Massey
|
0-0: Called Strike 0-1: Ball 1-1: Reached on error, E5 (Groundball, 56) Patrick Potts to third
|
Batting: LHB Robert Moore
|
0-0: Fly out, F8 (Flyball, 8RD)
|
Top of the 7th over - 0 run(s), 1 hit(s), 1 error(s), 2 left on base; Mt Pleasant 1 - Reading 2 |
BOTTOM OF THE 7TH |
Reading Rainbows batting - Pitching for Mt Pleasant Bearcats : RHP Troy Parker
|
Now at 3B: Colm Massey
|
|
Batting: RHB Albert Lutz
|
0-0: Ball 1-0: Called Strike 1-1: Ball 2-1: Foul Ball, location: 2F 2-2: Foul Ball, location: 2F 2-2: Ground out 4-3 (Groundball, 4)
|
Batting: RHB Hubert Brown
|
0-0: Fly out, F8 (Flyball, 8LD)
|
Batting: RHB Joe Land
|
0-0: Swinging Strike 0-1: Ball 1-1: Ball 2-1: Foul Ball, location: 2F 2-2: Fly out, F8 (Flyball, 8LM)
|
Bottom of the 7th over - 0 run(s), 0 hit(s), 0 error(s), 0 left on base; Mt Pleasant 1 - Reading 2 |
TOP OF THE 8TH |
Mt Pleasant Bearcats batting - Pitching for Reading Rainbows : RHP Ramón Quintero
|
Batting: RHB Yasutoki Kojima
|
0-0: Called Strike 0-1: Ground out 4-3 (Groundball, 4)
|
Batting: RHB Ryosei Yamamoto
|
0-0: Swinging Strike 0-1: Called Strike 0-2: Foul Ball, location: 2F 0-2: Strikes out swinging
|
Batting: RHB Ramiro Chávez
|
0-0: Called Strike 0-1: Swinging Strike 0-2: Ball 1-2: Ball 2-2: SINGLE (Groundball, 56D)
|
Pitching: LHP Beau Montgomery
|
|
Batting: SHB Roberto Rivera
|
0-0: Fly out, F4 (Popup, 4M)
|
Top of the 8th over - 0 run(s), 1 hit(s), 0 error(s), 1 left on base; Mt Pleasant 1 - Reading 2 |
BOTTOM OF THE 8TH |
Reading Rainbows batting - Pitching for Mt Pleasant Bearcats : RHP Troy Parker
|
Batting: RHB Donald Sanford
|
0-0: Called Strike 0-1: Ball 1-1: Swinging Strike 1-2: Ball 2-2: Strikes out swinging
|
Pitching: LHP José Chávez
|
|
Batting: RHB Louis Smith
|
0-0: Called Strike 0-1: Ball 1-1: Ball 2-1: Ball 3-1: Foul Ball, location: 2F 3-2: Base on Balls
|
Pinch Hitting: RHB Kyle Hollingsworth
|
0-0: Ball 1-0: Called Strike 1-1: Foul Ball, location: 2F 1-2: Foul Ball, location: 2F 1-2: Ball 2-2: SINGLE (Flyball, 78S) Louis Smith to second
|
Batting: LHB Richard Henry
|
0-0: Swinging Strike 0-1: Ball 1-1: Ball 2-1: Called Strike 2-2: Ball 3-2: Strikes out looking
|
Batting: RHB Dan Banks
|
0-0: Ball 1-0: Ball 2-0: Ball 3-0: Called Strike 3-1: 3-RUN HOME RUN (Flyball, 7D), Distance : 357 ft
|
Batting: RHB Germano Labrego
|
0-0: Ball 1-0: Ball 2-0: Ball 3-0: Called Strike 3-1: Foul Ball, location: 2F 3-2: Base on Balls
|
Batting: RHB Albert Lutz
|
Pickoff Throw to First - Out!
|
Bottom of the 8th over - 3 run(s), 2 hit(s), 0 error(s), 0 left on base; Mt Pleasant 1 - Reading 5 |
TOP OF THE 9TH |
Mt Pleasant Bearcats batting - Pitching for Reading Rainbows : LHP Beau Montgomery
|
Pitching: LHP Jason Nichols
|
|
Now at SS: Kyle Hollingsworth
|
|
Batting: RHB Patrick Potts
|
0-0: Foul Ball, location: 2F 0-1: Swinging Strike 0-2: Ball 1-2: SINGLE (Line Drive, 5D)
|
Batting: RHB Ichizo Akiyama
|
0-0: Ball 1-0: Called Strike 1-1: Ball 2-1: Fly out, F8 (Line Drive, 8LS)
|
Batting: RHB Chris Jones
|
0-0: Called Strike 0-1: Fly out, F6 (Popup, 6D)
|
Batting: LHB Colm Massey
|
Pickoff Throw to First - Error! E1 Patrick Potts to second 0-0: Foul Ball, location: 2F 0-1: Ground out 6-3 (Groundball, 6)
|
Top of the 9th over - 0 run(s), 1 hit(s), 1 error(s), 1 left on base; Mt Pleasant 1 - Reading 5 |
|